 Dungeon Crawl Stone Soup version 0.22.0-32-gbc6daba (webtiles) character file.

9436 iamserjio the Grappler (level 11, 1/104 HPs)
             Began as a Troll Fighter on Aug 23, 2018.
             Was a Believer of Cheibriados.
             Quit the game on level 3 of the Lair of Beasts.
             The game lasted 00:17:36 (1706 turns).

iamserjio the Grappler (Troll Fighter)              Turns: 1706, Time: 00:17:36

Health: 1/104      AC:  7    Str: 36    XL:     11   Next: 23%
Magic:  13/13      EV: 10    Int: 12    God:    Cheibriados [**....]
Gold:   174        SH: 12    Dex: 14    Spells: 10/10 levels left

rFire    . . .     SeeInvis .     - Unarmed
rCold    . . .     Gourm    +   b - +0 shield
rNeg     . . .     Faith    .   a - +0 robe
rPois    .         Spirit   .   l - +2 hat
rElec    .         Reflect  .   (no cloak)
rCorr    .         Harm     .   (gloves unavailable)
MR       .....                  (boots unavailable)
Stlth    +.........             (no amulet)
HPRegen  0.67/turn              (no ring)
MPRegen  0.13/turn              o - +5 ring of strength

@: very slow
A: large, unfitting armour, claws 3, fast metabolism 3, gourmand, regeneration
1, shaggy fur 1, tough skin 2
a: Bend Time, Renounce Religion


You were on level 3 of the Lair of Beasts.
You worshipped Cheibriados.
Cheibriados was pleased with you.
You were very full.

You visited 3 branches of the dungeon, and saw 13 of its levels.

You collected 174 gold pieces.

Inventory:

Missiles
 r - a throwing net (quivered) {!f}
Armour
 a - a +0 robe (worn)
 b - a +0 shield (worn)
 c - a +2 hat
 l - a +2 hat (worn)
Jewellery
 o - a +5 ring of strength (right claw)
Wands
 e - a wand of flame (2)
Scrolls
 f - a scroll of random uselessness
 k - 2 scrolls of remove curse {@r2}
 m - a scroll of immolation
Potions
 g - 2 potions of curing {@q1}
 i - a potion of lignification
 n - a potion of haste {unknown}
Comestibles
 d - 5 rations
 q - 7 chunks of flesh


   Skills:
 + Level 5.3 Fighting
 - Level 2.4 Dodging
 * Level 7.3 Shields
 + Level 13.1 Unarmed Combat
 + Level 5.0 Invocations


You had 10 spell levels left.
You didn't know any spells.
Your spell library was empty.

Dungeon Overview and Level Annotations

Branches:
Dungeon (9/15)             Temple (1/1) D:6            Lair (3/6) D:8
    Orc (0/2) D:9
  Swamp: Lair:2-4    Shoals: Lair:2-4     Snake: Lair:2-4    Spider: Lair:2-4

Altars:
Cheibriados
Dithmenos
Elyvilon
Fedhas
Hepliaklqana
Kikubaaqudgha
Makhleb
Nemelex Xobeh
Okawaru
Ru
Sif Muna
Trog
Vehumet
Wu Jian
Xom
Yredelemnul
The Shining One
Lugonu


Innate Abilities, Weirdness & Mutations

You are too large for most types of armour.
You have claws for hands.
Your metabolism is lightning-fast.
You like to eat raw meat.
Your natural rate of healing is unusually fast.
You are covered in fur. (AC +1)
You have very tough skin. (AC +2)


Message History

You aren't carrying any weapons that can be enchanted.
The bullfrog barely misses you. You block the wolf's attack.
The wolf closely misses you. x2; You block the wolf's attack.
The wolf misses you. The wolf bites you. You block the bullfrog's attack.
The wolf bites you!
* * * LOW HITPOINT WARNING * * *
The death yak gores you!!
* * * LOW HITPOINT WARNING * * *
The wolf closely misses you.
Okay, then.
As you read the scroll labeled ZEUWUI TOOF, it crumbles to dust.
The scroll dissolves into smoke.
It was a scroll of fog.
You block the wolf's attack. x2; The wolf bites you.
* * * LOW HITPOINT WARNING * * *
The wolf closely misses you. The bullfrog closely misses you.
The wolf misses you. You block the wolf's attack. The wolf closely misses you.
The death yak gores you but does no damage.
The wolf bites you but does no damage. You block the wolf's attack.
Okay, then.
Are you sure you want to abandon this character and quit the game? (Confirm with "yes".)

...P.. ..
........## . ...#
........ 8. .....
......# ...
.....+##...#.#....
........§.#.......
.....#.##hh§§.(#
...P.....h@F§.#
.......<.hhY§##
.....#...####..#
... ##### .... .
... .. .


You could see a death yak, 5 wolves and a bullfrog.

Vanquished Creatures
  Gastronok (D:8)
  2 hydras (Lair:1)
  A two-headed ogre (D:8)
  2 spiny frogs (Lair:1)
  A rime drake (Lair:2)
  A komodo dragon (Lair:1)
  A troll (D:8)
  4 blink frogs (Lair:1)
  2 hippogriffs
  A human (D:5)
  4 yaks (Lair:2)
  A water moccasin (Lair:1)
  Duvessa (D:6)
  3 ice beasts
  A porcupine (Lair:1)
  2 black bears
  A phantom (D:7)
  A necrophage (D:8)
  4 wolves (D:8)
  A centaur (D:6)
  3 crocodiles (Lair:1)
  4 bullfrogs
  Dowan (D:6)
  A scorpion (D:6)
  3 electric eels (D:8)
  A howler monkey (D:5)
  2 crimson imps (D:5)
  4 orc priests
  3 hounds (D:8)
  A jelly (D:5)
  An orc wizard (D:4)
  A bullfrog skeleton (D:5)
  4 iguanas
  5 worker ants
  Natasha (D:2)
  A hound skeleton (D:4)
  3 adders
  A shadow imp (D:6)
  2 worms
  5 leopard geckos
  8 orcs
  A hobgoblin (D:1)
  6 jackals
  5 quokkas
  A bat (D:2)
  A goblin (D:3)
  A rat (D:2)
105 creatures vanquished.

Vanquished Creatures (others)
  A kobold zombie (D:5)
1 creature vanquished.

Grand Total: 106 creatures vanquished

Notes
Turn   | Place    | Note
-------+----------+-------------------------------------------
     0 | D:1      | iamserjio the Troll Fighter began the quest for the Orb.
     0 | D:1      | Reached XP level 1. HP: 22/22 MP: 0/0
    57 | D:2      | Noticed Natasha
    66 | D:2      | Reached XP level 2. HP: 29/29 MP: 1/1
    68 | D:2      | Reached skill level 3 in Unarmed Combat
    74 | D:2      | Killed Natasha
    74 | D:2      | Reached XP level 3. HP: 29/36 MP: 2/2
   156 | D:4      | Reached skill level 4 in Unarmed Combat
   204 | D:4      | Reached XP level 4. HP: 35/44 MP: 3/3
   229 | D:3      | Reached skill level 5 in Unarmed Combat
   287 | D:4      | Reached XP level 5. HP: 41/50 MP: 4/4
   447 | D:4      | Reached skill level 6 in Unarmed Combat
   454 | D:5      | Entered Level 5 of the Dungeon
   454 | D:5      | Found a burning altar of Makhleb.
   454 | D:5      | Found a blossoming altar of Fedhas.
   454 | D:5      | Found an ornate altar of the Wu Jian Council.
   454 | D:5      | Found a white marble altar of Elyvilon.
   455 | D:5      | Found a sparkling altar of Nemelex Xobeh.
   455 | D:5      | Found a sacrificial altar of Ru.
   455 | D:5      | Found a shadowy altar of Dithmenos.
   469 | D:5      | Reached XP level 6. HP: 47/59 MP: 5/5
   471 | D:5      | Found a runed door.
   471 | D:5      | Noticed a human
   476 | D:5      | Found a basalt altar of Yredelemnul.
   496 | D:5      | Killed a human
   496 | D:5      | Reached skill level 7 in Unarmed Combat
   581 | D:5      | Found a basalt altar of Yredelemnul.
   584 | D:5      | Found a glowing golden altar of the Shining One.
   584 | D:5      | Noticed an ice beast
   590 | D:5      | Killed an ice beast
   590 | D:5      | Reached XP level 7. HP: 53/66 MP: 6/6
   593 | D:5      | Reached skill level 8 in Unarmed Combat
   689 | D:6      | Reached skill level 9 in Unarmed Combat
   702 | D:6      | Noticed Duvessa
   726 | D:6      | Reached XP level 8. HP: 39/74 MP: 7/7
   763 | D:6      | Found a staircase to the Ecumenical Temple.
   772 | Temple   | Entered the Ecumenical Temple
   784 | Temple   | Became a worshipper of Cheibriados the Contemplative
   799 | D:6      | Found a shimmering altar of Xom.
   810 | D:6      | Noticed Dowan
   816 | D:6      | Found a hazy altar of Hepliaklqana.
   817 | D:6      | Reached skill level 10 in Unarmed Combat
   824 | D:6      | Killed Duvessa
   832 | D:6      | Killed Dowan
   913 | D:7      | Found a bloodstained altar of Trog.
  1057 | D:8      | Noticed a two-headed ogre
  1068 | D:8      | Killed a two-headed ogre
  1068 | D:8      | Reached skill level 12 in Unarmed Combat
  1068 | D:8      | Reached XP level 9. HP: 17/80 MP: 8/8
  1106 | D:8      | Noticed Gastronok
  1133 | D:8      | Killed Gastronok
  1168 | D:8      | Noticed a troll
  1245 | D:8      | Reached XP level 10. HP: 79/92 MP: 11/11
  1256 | D:8      | Reached * piety under Cheibriados
  1279 | D:8      | Reached skill level 5 in Shields
  1291 | D:8      | HP: 1/92 [wolf (8)]
  1304 | D:9      | Found a staircase to the Orcish Mines.
  1339 | D:8      | Found a staircase to the Lair.
  1378 | Lair:1   | Entered Level 1 of the Lair of Beasts
  1455 | Lair:1   | Noticed a spiny frog
  1455 | Lair:1   | Noticed a five-headed hydra
  1460 | Lair:1   | Killed a spiny frog
  1463 | Lair:1   | Killed a five-headed hydra
  1466 | Lair:1   | Reached ** piety under Cheibriados
  1492 | Lair:1   | Reached skill level 5 in Fighting
  1492 | Lair:1   | Reached skill level 13 in Unarmed Combat
  1545 | Lair:1   | Noticed a spiny frog
  1552 | Lair:1   | Noticed a four-headed hydra
  1554 | Lair:1   | Killed a spiny frog
  1554 | Lair:1   | Reached XP level 11. HP: 79/102 MP: 13/13
  1567 | Lair:1   | Killed a four-headed hydra
  1676 | Lair:2   | Reached skill level 5 in Invocations
  1696 | Lair:3   | Noticed a death yak
  1704 | Lair:3   | HP: 5/104 [death yak (20)]
  1705 | Lair:3   | HP: 1/104 [wolf (4)]
  1706 | Lair:3   | Quit the game

Skill      XL: |  1  2  3  4  5  6  7  8  9 10 11 |
---------------+----------------------------------+-----
Unarmed Combat | 3 4 5 6 7 9 12 13 | 13.1
Fighting       | 3 5 |  5.3
Shields        | 4 6 7 |  7.3
Invocations    | 2 4 5 |  5.0
Dodging        | |  2.4

Action                   |  1- 3 |  4- 6 |  7- 9 | 10-12 || total
-------------------------+-------+-------+-------+-------++-------
Melee: Unarmed           |    40 |   103 |   122 |   112 ||   377
Evoke: Wand              |       |       |     1 |    23 ||    24
  Use: Scroll            |       |       |     5 |     4 ||     9
       Potion            |       |       |     4 |     3 ||     7
  Eat: Chunk             |       |     4 |     9 |     7 ||    20
Armor: Robe              |     9 |    15 |    22 |    23 ||    69
       Skin              |       |       |     4 |    35 ||    39
Dodge: Dodged            |     8 |    23 |    29 |    44 ||   104
Block: Shield            |    17 |    22 |    46 |    96 ||   181
